Map: Acropolis LE

Players

Djorn - Winner!

  • Race: Protoss Protoss
  • Spawn Location: 5:00

A.I. 1 (Very Easy)

  • Race: Zerg Zerg
  • Spawn Location: 11:00

VOD

Have the link to the VOD?

Description

Time

  • Played on: Aug. 22, 2019, 11:13 p.m.
  • Length: 5:06
Show
View Real Time Build Order
Export as new Build Order

Djorn Protoss - Winner!

Build Orders:  

Get SALT Encoding   

  12  0:02  Probe  
  13  0:15  Probe  
  14  0:25  Pylon  
  14  0:28  Probe  
  15  0:44  Probe  
  15  0:45  Gateway  
  16  0:52  Probe  
  17  1:00  Assimilator  
  17  1:02  Probe  
  18  1:11  Pylon  
  18  1:13  Pylon  
  18  1:14  Probe  
  19  1:28  Probe  
  20  1:35  Cybernetics Core  
  20  1:40  Probe  
  20  1:43  Assimilator  
  21  1:52  Gateway, Probe  
  22  1:57  Zealot  
  24  2:04  Probe  
  25  2:16  Probe  
  26  2:28  Twilight Council, Probe  
  27  2:33  Zealot  
  27  2:34  Warp Gate  
  29  2:40  Zealot  
  31  2:45  Pylon  
  31  2:57  Resonating Glaives  
  31  3:03  Gateway  
  31  3:20  Gateway  
  31  3:23  Gateway  
  31  3:30  Zealot  
  33  3:37  Zealot  
  35  3:46  Pylon  
  35  4:05  Adept  
  37  4:26  Adept x3  
  37  4:27  Adept  
Show
View Real Time Build Order
Export as new Build Order

A.I. 1 (Very Easy) Zerg 

Build Orders: Pool Only 

Get SALT Encoding   

  12  0:00  Drone  
  13  0:12  Overlord  
  13  0:16  Drone  
  14  0:34  Spawning Pool  
  13  0:37  Drone  
  13  0:41  Extractor  
  13  0:44  Drone  
  14  0:51  Overlord  
  14  1:21  Zergling x2, Queen  
  17  1:30  Roach Warren  
  17  1:32  Extractor  
  15  1:36  Drone  
  16  1:40  Zergling x2  
  16  1:43  Drone  
  18  1:57  Drone  
  18  1:58  Zergling x2  
  21  2:08  Drone  
  21  2:19  Drone  
  22  2:28  Drone  
  22  2:29  Overlord  
  23  2:35  Drone  
  24  2:42  Drone  
  25  4:46  Zergling x2  
  25  4:52  Drone  
Tags
 
Matchup
PvZ
Opening
Pool Only
Replay Pack
sc2replays
Spawn Locations
Cross Positions
Add a new tag
Caveats
  • Supply blocks, unpowered buildings, or Contaminate may cause inaccurate times.
  • Supply counts are checked every 10 seconds.